 Dungeon Crawl Stone Soup version 0.27-a0-951-gae3e1deef5 (webtiles) character file.

Game seed: 8982744473838646577

16 wakim the Insei (level 2, -6/18 HPs)
             Began as an Octopode Transmuter on Apr 11, 2021.
             Was a Follower of Dithmenos.
             Mangled by Crazy Yiuf
             ... wielding a +3 quarterstaff of chaos
              (13 damage)
             ... on level 2 of the Dungeon.
             The game lasted 00:02:50 (1772 turns).

wakim the Insei (Octopode Transmuter)               Turns: 1772, Time: 00:02:51

Health: -6/18      AC:  1    Str:  9    XL:     2   Next: 58%
Magic:  4/5        EV: 13    Int: 15    God:    Dithmenos [*.....]
Gold:   46         SH:  0    Dex: 12    Spells: 4/5 levels left

rFire    . . .     SeeInvis .     - Unarmed
rCold    . . .     Faith    .   (no shield)
rNeg     . . .     Spirit   .   (helmet currently unavailable)
rPois    .         Reflect  .   (no amulet)
rElec    .         Harm     .   (no ring)
rCorr    .         Rampage  .   (no ring)
Will     .....                  (no ring)
Stlth    +++.......             (no ring)
HPRegen  0.06/turn              (no ring)
MPRegen  0.09/turn              (no ring)
                                (no ring)
                                (no ring)

@: appendages (expiring), wreathed by umbra
A: tentacle spike 3, almost no armour, amphibious, 8 rings, camouflage 1,
gelatinous body 1, (nimble swimmer 1), tentacles
a: End Transformation, Renounce Religion


You were on level 2 of the Dungeon.
You worshipped Dithmenos.
Dithmenos was aware of your devotion.
One of your tentacles had grown a beastly spike.
You visited 1 branch of the dungeon, and saw 2 of its levels.

You collected 46 gold pieces.

Inventory:

Scrolls
 r - a scroll of identify
Potions
 F - 2 potions of curing


   Skills:
 + Level 1.3 Fighting
 - Level 2.0 Dodging
 * Level 1.9 Stealth
 * Level 3.3 Unarmed Combat
 - Level 2.0 Spellcasting
 - Level 2.0 Transmutations


You had 4 spell levels left.
You knew the following spells:

 Your Spells              Type           Power      Damage    Failure   Level
a - Beastly Appendage     Tmut           14%        N/A       10%         1

Your spell library contained the following spells:

 Spells                   Type           Power      Damage    Failure   Level
 Wereblood                Tmut           7%         N/A       14%         2
 Spider Form              Tmut/Pois      2%         N/A       41%         3
 Confusing Touch          Hex            1%         N/A       54%         3
 Gell's Gravitas          Tloc           0%         N/A       54%         3
 Ice Form                 Ice/Tmut       4%         N/A       82%         4
 Petrify                  Tmut/Erth      4%         N/A       82%         4
 Hydra Form               Tmut           3%         N/A       95%         5
 Metabolic Englaciation   Hex/Ice        0%         N/A       99%         5
 Yara's Violent Unravell  Hex/Tmut       2%         3d3       99%         5


Dungeon Overview and Level Annotations

Branches:
Dungeon (2/15)

Altars:
Dithmenos

Annotations:
D:2 Crazy Yiuf


Innate Abilities, Weirdness & Mutations

One of your tentacles has grown a beastly spike.
You cannot wear most types of armour.
You are amphibious.
You can wear up to eight rings at the same time.
Your skin changes colour to match your surroundings (Stealth+).
Your rubbery body absorbs attacks. (AC +1, EV +1)
((You are camouflaged near water. (Stealth+)))
You have tentacles for arms and can constrict up to eight enemies at once.


Message History

You tentacle-slap the hobgoblin but do no damage.
Your grab misses the hobgoblin. The hobgoblin hits you.
You barely miss the hobgoblin. You grab the hobgoblin.
You pierce the hobgoblin.
You squeeze the hobgoblin.
You kill the hobgoblin!
Dithmenos accepts your kill.
Your tentacle spike disappears.
You now have 46 gold pieces (gained 17).
There is an escape hatch in the floor here.
You see here 15 stones.
A bat comes into view.
Casting: Beastly Appendage (safe; 10% risk of failure)
Confirm with . or Enter, or press ? or * to list all spells.
One of your tentacles grows a vicious spike.
The bat hits you. The bat closely misses you.
You tentacle-slap the bat.
You kill the bat!
Dithmenos accepts your kill.
Your transformation is almost over.
Your tentacle spike disappears.
You open the door.
There is an open translucent door here.
Casting: Beastly Appendage (safe; 10% risk of failure)
Confirm with . or Enter, or press ? or * to list all spells.
One of your tentacles grows a vicious spike.
Crazy Yiuf shouts!
Crazy Yiuf whimpers, "Proton!
Flower head senile."
You tentacle-slap Crazy Yiuf. You grab Crazy Yiuf.
Crazy Yiuf is lightly wounded.
You constrict Crazy Yiuf.
Crazy Yiuf hits you with a +3 quarterstaff of chaos!
Crazy Yiuf freezes you.
* * * LOW HITPOINT WARNING * * *
You tentacle-slap Crazy Yiuf.
Crazy Yiuf is lightly wounded.
Your transformation is almost over.
You constrict Crazy Yiuf.
Crazy Yiuf hits you with a +3 quarterstaff of chaos!
Ouch! That really hurt!
You die...

######.# #######.#
##... #......#
#.##########..PP
#.######
#...........P.♣♣ #.#
########..P..PP. #.#
#..PP♣P♣♣
#.#######♣♣♣♣♣
###...♣♣♣♣♣
#..........♣.♣♣♣ ####
#.....P♣.♣)
#####.......♣..♣#...#
#####(...♣♣
#......♣♣♣♣.@g..#
##...♣. ##...P♣♣
♣♣#..)# ##.... ####♣♣
#### ##P.P ####


You could see Crazy Yiuf.

Vanquished Creatures
  A ball python (D:2)
  2 endoplasms
  3 hobgoblins
  A kobold (D:1)
  A quokka (D:2)
  3 bats
  5 rats
16 creatures vanquished.

Vanquished Creatures (others)
  5 plants (D:2)
5 creatures vanquished.

Grand Total: 21 creatures vanquished

Notes
Turn   | Place    | Note
-------+----------+-------------------------------------------
     0 | D:1      | wakim the Octopode Transmuter began the quest for the Orb.
     0 | D:1      | Reached XP level 1. HP: 13/13 MP: 3/3
    37 | D:1      | Found a faded altar of an unknown god.
    45 | D:1      | Became a worshipper of Dithmenos the Shadowed
    45 | D:1      | Reached * piety under Dithmenos
   434 | D:1      | Reached skill level 1 in Stealth
   439 | D:1      | Reached XP level 2. HP: 13/18 MP: 1/5
   860 | D:2      | Found a runed translucent door.
  1764 | D:2      | Noticed Crazy Yiuf
  1772 | D:2      | Mangled by Crazy Yiuf

Illustrated notes

Levels and vault maps discovered:
D:1:      minmay_arrival_jagged, layout_basic,
          ebering_ecumenical_altar_petrified, minmay_tromino_v7
D:2:      layout_basic, serial_forest, infiniplex_forest_pool,
          infiniplex_forest_end_1, infiniplex_forest_clump_long,
          infiniplex_forest_lined_4_way, infiniplex_forest_straight_2,
          infiniplex_forest_straight_2, infiniplex_forest_clump_cross,
          uniq_crazy_yiuf_cottage

Skill      XL: |  1 |
---------------+----+-----
Stealth        | 1 |  1.9
Fighting       | |  1.3
Dodging        | |  2.0
Unarmed Combat | |  3.3
Spellcasting   | |  2.0
Transmutations | |  2.0

Action                   || total
-------------------------++-------
Melee: Unarmed           ||    39
       Constrict         ||    12
       Tentacles         ||     6
       Kick              ||     5
       Punch             ||     1
 Cast: Beastly Appendage ||    13
  Use: Scroll            ||     4
 Stab: Sleeping          ||     2
Armor: Skin              ||     2
Dodge: Dodged            ||    28

Table legend: (Time is in decaauts)
 A = Elapsed time spent in this place.
 B = Non-inter-level travel time spent in this place.
 C = Inter-level travel time spent in this place.
 D = Time resting spent in this place.
 E = Time spent auto-exploring this place.
 F = Levels seen in this place.
 G = Mean time per level.
                   A        B        C        D        E       F      G
               +--------+--------+--------+--------+--------+-----+--------+
         Total |   1769 |   1692 |     77 |      0 |   1521 |   2 |  884.5 |
       Dungeon |   1769 |   1692 |     77 |      0 |   1521 |   2 |  884.5 |
               +--------+--------+--------+--------+--------+-----+--------+

Top non-repeatable levels by time:
     D:2: 1173 daAuts
     D:1: 596 daAuts
